 Dungeon Crawl Stone Soup version 0.30-a0-867-g305f33218d (webtiles) character file.

Game seed: 2141772748765591666

19 gelatine the Ducker (level 2, -1/23 HPs)
             Began as a Demonspawn Gladiator on Mar 11, 2023.
             Succumbed to a goblin's poison
             ... on level 1 of the Dungeon.
             The game lasted 00:01:00 (390 turns).

gelatine the Ducker (Demonspawn Gladiator)           Turns: 390, Time: 00:01:00

Health: -1/23      AC:  3    Str: 14    XL:     2   Next: 55%
Magic:  2/2        EV: 12    Int:  9    God:
Gold:   11         SH:  0    Dex: 14    Spells: 1/1 levels left

rFire   . . .      SeeInvis .    a - +0 war axe
rCold   . . .      Faith    .    (no shield)
rNeg    . . .      Spirit   .    b - +0 leather armour
rPois   .          Reflect  .    (helmet restricted)
rElec   .          Rampage  .    (no cloak)
rCorr   .                        (no gloves)
Will    .....                    (no boots)
Stlth   +                        (no amulet)
HPRegen 0.23/turn                (no ring)
MPRegen 0.08/turn                (no ring)

@: lethally poisoned (-1 -> -20)
A: horns 1
a: no special abilities


You were on level 1 of the Dungeon.
You visited 1 branch of the dungeon, and saw 1 of its levels.

You collected 11 gold pieces.

Inventory:

Hand Weapons
 a - a +0 war axe (weapon)
Missiles
 d - 4 throwing nets (quivered)
 e - a javelin
Armour
 b - a +0 leather armour (worn)
 c - a +0 helmet
Scrolls
 f - 4 scrolls of poison {unknown}
 g - a scroll of vulnerability {unknown}
 h - 3 scrolls of noise {unknown}


   Skills:
 + Level 2.3 Fighting
 + Level 3.0 Axes
 + Level 1.8 Throwing
 + Level 0.1 Armour
 + Level 3.0 Dodging


You had one spell level left.
You didn't know any spells.
Your spell library was empty.

Dungeon Overview and Level Annotations

Branches:
Dungeon (1/15)

Altars:


Innate Abilities, Weirdness & Mutations

You have a pair of small horns on your head.


Message History

You kill the hobgoblin!
You see here a hobgoblin corpse.
You now have 11 gold pieces.
Found a stone staircase leading down.
There is a stone staircase leading down here.
A rat comes into view.
Found a stone staircase leading down.
The helpless rat fails to defend itself.
You hit the rat but do no damage. You headbutt the rat.
You kill the rat!
Your Axes skill increases to level 3!
A goblin comes into view. It is wielding a +1 dagger of venom.
The goblin shouts!
The goblin moves out of view.
You see here a rat corpse.
There is a stone staircase leading down here.
A goblin is nearby!
You closely miss the goblin. Your headbutt misses the goblin.
The goblin hits you with a +1 dagger of venom.
You are poisoned.
You closely miss the goblin. You headbutt the goblin.
The goblin is severely wounded.
You feel very sick.
The goblin hits you with a +1 dagger of venom.
You are lethally poisoned!
The goblin misses you.
You closely miss the goblin.
The goblin is severely wounded.
You feel very sick. The goblin hits you but does no damage.
You are more poisoned.
You closely miss the goblin. Your headbutt misses the goblin.
The goblin is severely wounded.
* * * LOW HITPOINT WARNING * * *
You feel extremely sick. The goblin barely misses you.
You aren't carrying any potions.
You miss the goblin. Your headbutt misses the goblin.
The goblin is heavily wounded.
You die...

#.# #.........##
#...... #.# #.######.##
...... ###.###.# #.#
###.. #...#...# #.# .
#.###.#.# #.# #.# #.#.#
#.# #># #.#.# ##.#
#.###.#.####...###
#.####.##....##@g......
#............##†#.####.
######.##...###.# #
#.###.####.#.#
#............#
#####.####...# #.#
#...# ###### #.. ......
...... ... ....###


You could see a goblin.

Vanquished Creatures
  A ball python (D:1)
  A giant cockroach (D:1)
  2 goblins (D:1)
  A hobgoblin (D:1)
  4 jackals (D:1)
  A quokka (D:1)
  A bat (D:1)
  2 frilled lizards (D:1)
  2 kobolds (D:1)
  2 rats (D:1)
17 creatures vanquished.

Notes
Turn   | Place    | Note
-------+----------+-------------------------------------------
     0 | D:1      | gelatine the Demonspawn Gladiator began the quest for the
                  | Orb.
     0 | D:1      | Reached XP level 1. HP: 16/16 MP: 1/1
   156 | D:1      | Gained mutation: You have a pair of small horns on your
                  | head. [demonic ancestry]
   156 | D:1      | Reached XP level 2. HP: 22/23 MP: 2/2
   390 | D:1      | Succumbed to a goblin's poison

Illustrated notes

Levels and vault maps discovered:
D:1:      onia_arrival_mini_maze, layout_loops_ring, minmay_misc_feat_nine_boxes

Skill      XL: |  1  2 |
---------------+-------+-----
Dodging        | 3 |  3.0
Axes           | 3 |  3.0
Fighting       | |  2.3
Throwing       | |  1.8
Armour         | |  0.1

Action                     || total
---------------------------++-------
  Melee: War axe           ||    40
         Headbutt          ||     6
   Stab: Sleeping          ||     1
 Armour: Leather armour    ||    14
  Dodge: Dodged            ||    26

Table legend: (Time is in decaauts)
 A = Elapsed time spent in this place.
 B = Non-inter-level travel time spent in this place.
 C = Inter-level travel time spent in this place.
 D = Time resting spent in this place.
 E = Time spent auto-exploring this place.
 F = Levels seen in this place.
 G = Mean time per level.
                   A        B        C        D        E       F      G
               +--------+--------+--------+--------+--------+-----+--------+
         Total |    403 |    403 |      0 |      0 |    280 |   1 |  403.0 |
       Dungeon |    403 |    403 |      0 |      0 |    280 |   1 |  403.0 |
               +--------+--------+--------+--------+--------+-----+--------+

Top non-repeatable levels by time:
     D:1: 403 daAuts
